 Dungeon Crawl Stone Soup version 0.18-a0-739-gdae9da8 (webtiles) character file.

64 cluie the Insei (level 3, -4/28 HPs)
             Began as a Demonspawn Transmuter on Dec 10, 2015.
             Slain by Raultor's ghost (10 damage)
             ... on level 3 of the Dungeon.
             The game lasted 00:03:47 (1993 turns).

cluie the Insei (Demonspawn Transmuter)             Turns: 1993, Time: 00:03:47

Health: -4/28      AC:  4    Str: 10    XL:     3   Next: 91%
Magic:  1/6        EV: 12    Int: 14    God:
Gold:   210        SH:  0    Dex: 14    Spells: 3 memorised, 0 levels left

rFire  . . .     SeeInvis .       - Unarmed
rCold  . . .     Clarity  .     m - +0 leather armour
rNeg   . . .     SustAt   .     (no shield)
rPois  .         Gourm    .     (no helmet)
rElec  .         Spirit   .     (no cloak)
rCorr  .         Dismiss  .     (no gloves)
rMut   .         Stasis   .     h - +0 pair of boots
MR     .....                    (no amulet)
Stlth  +.........               (no ring)
                                (no ring)

@: very slightly contaminated, invisible, not resistant to hostile enchantments,
very unstealthy
A: sturdy frame 1
a: no special abilities


You were on level 3 of the Dungeon.
You were very hungry.

You visited 1 branch of the dungeon, and saw 3 of its levels.

You collected 210 gold pieces.

Inventory:

Missiles
 a - 12 arrows
 i - 3 javelins (quivered)
Armour
 h - a +0 pair of boots (worn)
 m - a +0 leather armour (worn)
Scrolls
 b - a scroll of immolation {unknown}
 f - a scroll of remove curse {unknown}
Potions
 e - a potion of agility
 l - 2 potions of lignification
 o - a potion of curing
Books
 c - a book of Changes

   Spells                             Type                      Level
   a - Beastly Appendage              Transmutation                1
   b - Sticks to Snakes               Transmutation                2
   c - Spider Form                    Transmutation/Poison         3
   d - Ice Form                       Ice/Transmutation            4
   e - Blade Hands                    Transmutation                5
Comestibles
 d - 4 bread rations
 j - a slice of pizza
 k - a meat ration
 p - a beef jerky
 q - a chunk of flesh


   Skills:
 + Level 2.5 Fighting
 * Level 2.0 Dodging
 * Level 3.6 Unarmed Combat
 - Level 2.0 Spellcasting
 - Level 1.7 Transmutations


You couldn't memorise any spells.
You knew the following spells:

 Your Spells              Type           Power        Failure   Level  Hunger
a - Beastly Appendage     Trmt           #.....       14%         1    ##.....
b - Sticks to Snakes      Trmt           #.......     21%         2    ###....
c - Spider Form           Trmt/Pois      #.........   65%         3    ####...


Dungeon Overview and Level Annotations

Branches:
Dungeon (3/15)

Altars:
Dithmenos
Zin

Annotations:
D:3 Raultor's ghost, amateur DsGl


Innate Abilities, Weirdness & Mutations

Your movements are slightly less encumbered by armour (ER -2).


Message History

Your ball python bites Raultor's ghost.
Raultor's ghost shrieks, "You will never get the ORB!"
Casting: Sticks to Snakes
Confirm with . or Enter, or press ? or * to list all spells.
You miscast Sticks to Snakes.
You feel a strange surge of energy!
You are feeling very hungry.
Raultor's ghost closely misses you.
Unknown command.
Your ball python barely misses Raultor's ghost.
Your ball python completely misses Raultor's ghost.
Your ball python bites Raultor's ghost but does no damage.
Found a scroll labeled RYGUOT MUIRI.
Your ball python withers and dies!
Found 6 gold pieces.
Read which item? (? for menu, Esc to quit)
Okay, then.
Drink which item? (? for menu, Esc to quit)
You fade into invisibility!
Raultor's ghost hits you!
You die...

#.### #..##.# ## #.# #..#
#.# #.# ### ##..# .# #.#
##.###...# #
#.##.#########...##...#
#.................#.#.#
.........................#
Y.......########.....#.###
..####### #@...##.# .
#W#.###.# #.### #S# #.#
#.# ##.#####.# #........#
#..####### .....# ####...


You could see Raultor's ghost.

Vanquished Creatures
  2 adders (D:2)
  An ooze (D:1)
  A worm (D:2)
  A ball python (D:2)
  2 bats
  A giant cockroach (D:1)
  3 hobgoblins (D:1)
  4 kobolds
  2 giant newts (D:1)
  5 goblins
  2 rats
24 creatures vanquished.

Vanquished Creatures (collateral kills)
  2 adders
2 creatures vanquished.

Grand Total: 26 creatures vanquished

Notes
Turn   | Place    | Note
--------------------------------------------------------------
     0 | D:1      | cluie the Demonspawn Transmuter began the quest for the Orb.
     0 | D:1      | Reached XP level 1. HP: 15/15 MP: 3/3
   288 | D:1      | Reached skill level 3 in Unarmed Combat
   328 | D:1      | Gained mutation: Your movements are slightly less encumbered by armour (ER -2). [demonic ancestry]
   328 | D:1      | Reached XP level 2. HP: 4/21 MP: 3/5
   890 | D:2      | Reached XP level 3. HP: 9/27 MP: 4/6
   913 | D:2      | HP: 2/40 [poisoned by an adder]
  1215 | D:2      | Learned a level 3 spell: Spider Form
  1218 | D:2      | Learned a level 2 spell: Sticks to Snakes
  1344 | D:2      | Found a shadowy altar of Dithmenos.
  1699 | D:2      | Found a glowing silver altar of Zin.
  1850 | D:3      | Noticed Raultor's ghost (amateur DsGl)
  1912 | D:3      | Noticed a sky beast
  1993 | D:3      | Slain by Raultor's ghost

Vault maps used:
D:1:      lightli_arrival_quake
D:2:      zin_statuary, nicolae_overflow_crystal_walls, first_bread
D:3:      gup_sewer_entry_bowl, johnstein_pakellas_death_squad

Action                   || total
-------------------------++-------
Melee: Unarmed           ||    93
 Cast: Beastly Appendage ||     5
       Sticks to Snakes  ||     4
       Spider Form       ||     1
  Use: Scroll            ||     6
       Potion            ||     2
 Stab: Sleeping          ||     1
  Eat: Chunk             ||     3
